 Dungeon Crawl Stone Soup version 0.29-a0-22-gbf593b16ee (webtiles) character file.

Game seed: 7226524441942131109

14 HallandMoats the Ruffian (level 2, 29/29 HPs)
             Began as a Troll Monk on Jan 30, 2022.
             Was the Champion of Ignis.
             Got out of the dungeon alive.
             The game lasted 00:00:59 (453 turns).

HallandMoats the Ruffian (Troll Monk)                Turns: 453, Time: 00:00:59

Health: 29/29      AC:  4    Str: 18    XL:     2   Next: 27%
Magic:  1/1        EV: 10    Int:  6    God:    Ignis [******]
Gold:   0          SH:  0    Dex: 12    Spells: 1/1 levels left

rFire   + . .      SeeInvis .     - Unarmed
rCold   . . .      Faith    .   (no shield)
rNeg    . . .      Spirit   .   a - +0 robe
rPois   .          Reflect  .   (helmet restricted)
rElec   .          Harm     .   (no cloak)
rCorr   .          Rampage  .   (gloves unavailable)
Will    .....                   (boots unavailable)
Stlth   ++........              (no amulet)
HPRegen 0.89/turn               (no ring)
MPRegen 0.07/turn               (no ring)

@: no status effects
A: large, unfitting armour, claws 3, regeneration 1, shaggy fur 1, tough skin 1
a: Renounce Religion, Fiery Armour, Foxfire Swarm, Rising Flame


You escaped.
You worshipped Ignis.
Ignis was exalted by your worship.
You visited 1 branch of the dungeon, and saw 1 of its levels.

Inventory:

Armour
 a - a +0 robe (worn)
Scrolls
 b - a scroll of blinking {unknown}
 e - a scroll of holy word {unknown}
Potions
 c - a potion of haste {unknown}
 d - a potion of curing {unknown}


   Skills:
 * Level 2.6 Fighting
 + Level 0.2 Armour
 + Level 2.5 Dodging
 - Level 1.0 Stealth
 * Level 3.2 Unarmed Combat
 + Level 0.3 Invocations


You had one spell level left.
You didn't know any spells.
Your spell library was empty.

Dungeon Overview and Level Annotations

Branches:
Dungeon (1/15)

Altars:
Ignis


Innate Abilities, Weirdness & Mutations

You are too large for most types of armour.
You have claws for hands.
Your natural rate of healing is unusually fast.
You are covered in fur. (AC +1)
You have tough skin. (AC +1)


Message History

No target in view!
No target in view!
No target in view!
No target in view!
No target in view!
No target in view!
No target in view!
No target in view!
No target in view!
No target in view!
No target in view!
No target in view!
Found a whip.
d - a metallic black potion
e - a scroll labelled SOTYCK YSIOL
Found a faded altar of an unknown god.
A ball python comes into view.
The ball python closely misses you.
You barely miss the ball python.
The ball python bites you but does no damage.
The ball python closely misses you.
You closely miss the ball python. The ball python misses you.
You claw the ball python!
You kill the ball python!
No target in view!
No target in view!
Sorry, I don't know how to traverse that place.
There is a faded altar of an unknown god here.
You cannot tell which god this altar belongs to.
Convert to them anyway?
Ignis accepts your prayer! Ignis welcomes you!
You can now rocket upward and away.
Unknown command.
Press < or > to pray at altars.
(D) Dungeon
Where to? (Enter - D:1 @ (x,y), ? - help)
What level of the Dungeon? (default 1, ? - help)
There is a staircase leading out of the dungeon here.
Are you sure you want to leave the Dungeon?
This will make you lose the game!
You have escaped!

.# #.#####.# #....#.####
..# #....##.###....#.##
....##≈...≈........#..#
#...#≈♣≈.≈♣≈###.......###
#..≈♣⌠♣≈♣⌠♣≈##.#.......#
#..≈♣...♣≈#...####....#
#...≈...≈.#..###......#
#.#.≈...≈............##
###...≈.@.≈....###......#
......≈...≈.##...........
######≈...≈.#####........
###≈....♣≈###########..
#.≈.⌠.≈♣⌠♣≈.##...#...#.
#..≈.≈.≈♣≈#............
#..#≈...≈.##...........
#####...#.##...........
#.######.#.#.##...........


There were no monsters in sight!

Vanquished Creatures
  A giant cockroach (D:1)
  4 goblins (D:1)
  2 hobgoblins (D:1)
  A kobold (D:1)
  2 ball pythons (D:1)
  A bat (D:1)
  A frilled lizard (D:1)
  A rat (D:1)
  4 toadstools (D:1)
17 creatures vanquished.

Notes
Turn   | Place    | Note
-------+----------+-------------------------------------------
     0 | D:1      | HallandMoats the Troll Monk began the quest for the Orb.
     0 | D:1      | Reached XP level 1. HP: 22/22 MP: 0/0
   214 | D:1      | Reached XP level 2. HP: 29/29 MP: 1/1
   342 | D:1      | Found a faded altar of an unknown god.
   414 | D:1      | Prayed at the altar of an unknown god.
   414 | D:1      | Became a worshipper of Ignis, the Dying Flame
   414 | D:1      | Reached ****** piety under Ignis
   453 | D:$      | Got out of the dungeon alive.

Illustrated notes

Levels and vault maps discovered:
D:1:      ldierk_water_garden, layout_rooms, shapermc_ecumenical_altar_petra,
          st_stairs_13, grunt_decor_arrowhead

Action                   || total
-------------------------++-------
Melee: Unarmed           ||    43
 Stab: Sleeping          ||     1
Armor: Robe              ||    12
Dodge: Dodged            ||    23

Table legend: (Time is in decaauts)
 A = Elapsed time spent in this place.
 B = Non-inter-level travel time spent in this place.
 C = Inter-level travel time spent in this place.
 D = Time resting spent in this place.
 E = Time spent auto-exploring this place.
 F = Levels seen in this place.
 G = Mean time per level.
                   A        B        C        D        E       F      G
               +--------+--------+--------+--------+--------+-----+--------+
         Total |    450 |    381 |     69 |      0 |    276 |   1 |  450.0 |
       Dungeon |    450 |    381 |     69 |      0 |    276 |   1 |  450.0 |
               +--------+--------+--------+--------+--------+-----+--------+

Top non-repeatable levels by time:
     D:1: 450 daAuts
